 Dungeon Crawl Stone Soup version 0.29.1-15-g9cfb28693d (webtiles) character file.

Game seed: 11890732060082847218

22411 Eitelfritz the Severer (level 12, -13/169 HPs)
             Began as a Minotaur Gladiator on Mar 10, 2023.
             Was an Elder of Trog.
             Mangled by a large slime creature (19 damage)
             ... on level 13 of the Dungeon.
             The game lasted 00:32:27 (10701 turns).

Eitelfritz the Severer (Minotaur Gladiator)        Turns: 10701, Time: 00:32:27

Health: -13/169    AC: 19    Str: 20    XL:     12   Next: 62%
Magic:  11/11      EV: 15    Int:  9    God:    Trog [****..]
Gold:   807        SH:  0    Dex: 12    Spells: 11/11 levels left

rFire   + . .      SeeInvis .   a - +2 battleaxe (freeze)
rCold   . . .      Faith    .   (shield currently unavailable)
rNeg    . . .      Spirit   .   h - +0 troll leather armour {Pargi}
rPois   +          Reflect  .   c - +2 hat
rElec   .          Harm     .   G - +2 cloak {rPois}
rCorr   .          Rampage  .   s - +2 pair of gloves
Will    .....                   i - +0 pair of boots
Stlth   ..........              E - amulet of regeneration
HPRegen 1.98/turn               q - ring of protection from fire
MPRegen 0.12/turn               g - +4 ring of protection

@: berserking, studying Axes, very quick
A: horns 2, retaliatory headbutt
a: Renounce Religion, Berserk, Trog's Hand, Brothers in Arms


You were on level 13 of the Dungeon.
You worshipped Trog.
Trog was greatly pleased with you.
You visited 2 branches of the dungeon, and saw 14 of its levels.
You also visited: Sewer and Bailey.

You collected 885 gold pieces.
You spent 78 gold pieces at shops.

Inventory:

Hand Weapons
 a - a +2 battleaxe of freezing (weapon)
 b - a +0 longbow of electrocution
 J - the +1 war axe "Beliol" {drain, rF+++ rCorr Int-4 Stlth+}
   (You found it on level 11 of the Dungeon)

   A truly terrible weapon, it drains the life of any living foe it strikes.
   Int:       It affects your intelligence (-4).
   rF:        It renders you almost immune to fire.
   rCorr:     It protects you from acid and corrosion.
   Stlth:     It makes you more stealthy.
 M - a +0 broad axe of flaming
Missiles
 d - 3 throwing nets (quivered)
 e - a javelin
 x - 3 silver boomerangs
 z - 19 poisoned darts
 D - 2 atropa-tipped darts
Armour
 c - a +2 hat (worn)
 h - a +0 troll leather armour (worn) {Pargi}
 i - a +0 pair of boots (worn)
 n - the +3 buckler of the Learner {Regen+}
   (You found it on level 2 of the Dungeon)

   Regen:     It increases your rate of health regeneration.
 s - a +2 pair of gloves (worn)
 G - a +2 cloak of poison resistance (worn)
Jewellery
 g - a +4 ring of protection (right hand)
 q - a ring of protection from fire (left hand)
 w - a ring of protection from cold
 E - an amulet of regeneration (around neck)
 F - a ring of resist corrosion
Wands
 f - a wand of digging (9)
 t - a wand of polymorph (1)
 y - a wand of acid (6)
 B - a wand of iceblast (4)
Scrolls
 r - 3 scrolls of fear
 K - 5 scrolls of blinking
 N - 4 scrolls of teleportation
 P - a scroll of magic mapping
 Q - a scroll of enchant armour
 R - a scroll of identify
Potions
 j - 4 potions of mutation
 k - a potion of invisibility
 l - 4 potions of curing
 m - 4 potions of resistance
 o - 3 potions of cancellation
 p - 4 potions of attraction
 v - 3 potions of might
 A - 2 potions of brilliance
 C - 2 potions of flight {unknown}
 H - 2 potions of magic
 I - 2 potions of degeneration {unknown}
 L - 3 potions of haste {unknown}
 O - a potion of ambrosia {unknown}


   Skills:
 + Level 12.8 Fighting
 + Level 18.3 Axes
 + Level 2.3 Ranged Weapons
 + Level 2.2 Throwing
 + Level 7.0 Armour
 + Level 9.0 Dodging
 + Level 2.8 Stealth
 + Level 6.2 Shields
 + Level 1.0 Unarmed Combat


You had 11 spell levels left.
You didn't know any spells.
Your spell library contained the following spells:

 Spells                   Type           Power      Damage    Failure   Level
 Gell's Gravitas          Tloc           0%         N/A       80%         3
 Inner Flame              Hex/Fire       0%         N/A       80%         3
 Lesser Beckoning         Tloc           0%         N/A       80%         3
 Teleport Other           Tloc           0%         N/A       80%         3
 Cause Fear               Hex            0%         N/A       99%         4
 Discord                  Hex            0%         N/A       100%        8


Dungeon Overview and Level Annotations

Branches:
Dungeon (13/15)            Temple (1/1) D:4            Lair (0/5) D:11
    Orc (0/2) D:9           Sewer (visited)          Bailey (visited)
 Vaults: D:13-14

Altars:
Ashenzari
Cheibriados
Dithmenos
Elyvilon
Fedhas
Gozag
Hepliaklqana
Kikubaaqudgha
Makhleb
Nemelex Xobeh
Okawaru
Qazlal
Ru
Sif Muna
Trog
Uskayaw
Vehumet
Wu Jian
Xom
Yredelemnul
Zin
The Shining One
Lugonu

Shops:
D:5 *

Portals:
Abyss: D:7

Annotations:
D:10 exclusion: obsidian statue


Innate Abilities, Weirdness & Mutations

You have a pair of horns on your head.
You reflexively headbutt those who attack you in melee.


Message History

The red ugly thing stings you but does no damage.
You closely miss the red ugly thing.
The red ugly thing is severely wounded.
You slash the vault guard! You freeze the vault guard.
You slash the centaur warrior! You freeze the centaur warrior.
You kill the centaur warrior!
Trog accepts your kill.
The vault guard hits you with a +0 great sword.
* * * LOW HITPOINT WARNING * * *
Two slime creatures merge to form a large slime creature.
The red ugly thing stings you.
* * * LOW HITPOINT WARNING * * *
You are engulfed in flames!
You resist.
* * * LOW HITPOINT WARNING * * *
Your Axes skill increases to level 18!
Your Dodging skill increases to level 9!
Items here: )) ††.
You feel better.
The vault guard hits you with a +0 great sword!
* * * LOW HITPOINT WARNING * * *
Unknown command.
A red film seems to cover your vision as you go berserk!
You feel yourself moving faster!
You feel mighty!
The vault guard hits you with a +0 great sword!
* * * LOW HITPOINT WARNING * * *
Unknown command.
You slice the vault guard!! You freeze the vault guard.
The vault guard is heavily wounded.
You slice the vault guard!! You freeze the vault guard!
You headbutt the vault guard!
You kill the vault guard!
Trog accepts your kill.
Your Armour skill increases to level 7!
You slash the large slime creature! You freeze the large slime creature.
You headbutt the large slime creature!
The large slime creature is moderately wounded.
You barely miss the large slime creature.
The large slime creature is moderately wounded.
The large slime creature hits you!!
You die...

.. #. $ # ##.. .#.
##.... ... #....# #'##
...##...## #...## #)
#..# #...####.°...##
##. ..###....##cu°..^.#
#...
.........@JupR.....
#..#
#.###+..)##cc##.#..
#..# #.##.).####..# #
#..#####.#.....###..>.
#...............######.
#...####.........# .#
.......+.........+ .
#...####.........#
#..## ##.......##


You could see a vault guard, 2 ugly things, a large slime creature, an efreet
and 3 centaurs.

Vanquished Creatures
  A balrug (D:11)
  A boulder beetle (D:11)
  4 vault guards
  2 centaur warriors (D:13)
  2 two-headed ogres
  A tengu warrior (D:12)
  The ghost of waddelsworth the Grappler, a novice TrBe of Trog (D:7)
  An ugly thing (D:12)
  3 slime creatures (D:13)
  Maurice (D:10)
  Joseph (D:10)
  A gargoyle (D:11)
  An unseen horror (D:11)
  Maggie (D:10)
  A tengu conjurer (D:12)
  A queen bee (shapeshifter) (D:12)
  2 trolls
  Prince Ribbit (Bailey)
  Sigmund (D:3)
  18 yaks
  A wyvern (D:9)
  9 humans (Bailey)
  4 wraiths
  A steam dragon (D:9)
  6 wargs
  An acid dragon (D:11)
  2 water moccasins
  An ice beast (D:5)
  4 orc warriors
  Pargi (Sewer)
  2 black bears (D:7)
  12 centaurs
  2 phantoms (D:4)
  9 bullfrogs (Bailey)
  2 kobold brigands
  3 small abominations (D:7)
  A scorpion (D:5)
  A necrophage (D:5)
  8 wights
  7 killer bees
  2 howler monkeys
  2 gnoll boudas (D:8)
  2 hounds
  8 orc priests
  3 jellies
  3 iguanas
  Natasha (thrice) (D:3)
  10 orc wizards
  Terence (D:2)
  Robin (D:3)
  7 adders
  12 gnolls
  A white imp (D:6)
  An ufetubus (D:5)
  A worm (D:3)
  2 dart slugs
  47 orcs
  7 bats
  15 endoplasms
  7 giant cockroaches
  17 goblins
  13 hobgoblins
  3 jackals (D:3)
  4 quokkas
  8 ball pythons
  7 frilled lizards
  16 kobolds
  3 rats
328 creatures vanquished.

Vanquished Creatures (others)
  An adder (D:2)
  A hobgoblin (D:2)
  4 fungi (D:3)
  2 plants (D:11)
  9 toadstools (D:3)
17 creatures vanquished.

Grand Total: 345 creatures vanquished

Notes
Turn   | Place    | Note
-------+----------+-------------------------------------------
     0 | D:1      | Eitelfritz the Minotaur Gladiator began the quest for the
                  | Orb.
     0 | D:1      | Reached XP level 1. HP: 18/18 MP: 0/0
   266 | D:1      | Reached XP level 2. HP: 15/25 MP: 1/1
   400 | D:1      | Found a faded altar of an unknown god.
   489 | D:1      | Reached skill level 4 in Axes
   970 | D:2      | Reached XP level 3. HP: 25/30 MP: 2/2
   973 | D:2      | Identified the +3 buckler of the Learner {Regen+}
  1536 | D:2      | Noticed Terence
  1543 | D:2      | Killed Terence
  1544 | D:2      | Reached XP level 4. HP: 21/37 MP: 3/3
  1900 | D:3      | Reached XP level 5. HP: 43/45 MP: 4/4
  1912 | D:3      | Reached skill level 5 in Axes
  2043 | D:3      | Noticed Natasha
  2049 | D:3      | Killed Natasha
  2050 | D:3      | Reached skill level 1 in Shields
  2132 | D:3      | Noticed Natasha
  2147 | D:3      | Killed Natasha
  2148 | D:3      | Reached XP level 6. HP: 52/52 MP: 5/5
  2173 | D:3      | Noticed Robin
  2182 | D:3      | Killed Robin
  2276 | D:3      | Noticed Sigmund
  2288 | D:3      | Killed Sigmund
  2289 | D:3      | Reached skill level 6 in Axes
  2311 | D:3      | Noticed Natasha
  2321 | D:3      | Killed Natasha
  2587 | D:4      | Reached XP level 7. HP: 57/59 MP: 6/6
  2631 | D:4      | Reached skill level 7 in Axes
  2644 | D:4      | Found a staircase to the Ecumenical Temple.
  2665 | Temple   | Entered the Ecumenical Temple
  2836 | D:4      | Found a glowing golden altar of the Shining One.
  2836 | D:4      | Found an ancient bone altar of Kikubaaqudgha.
  2842 | D:4      | Found an ornate altar of the Wu Jian Council.
  2845 | D:4      | Found a shadowy altar of Dithmenos.
  2847 | D:4      | Found a snail-covered altar of Cheibriados.
  2852 | D:4      | Found a shimmering altar of Xom.
  3240 | D:5      | Entered Level 5 of the Dungeon
  3278 | D:5      | Found a white marble altar of Elyvilon.
  3339 | D:5      | Found a basalt altar of Yredelemnul.
  3444 | D:5      | Found a glowing drain.
  3461 | Sewer    | Entered a sewer
  3501 | Sewer    | Noticed Pargi
  3505 | Sewer    | Killed Pargi
  3626 | D:5      | Reached skill level 5 in Fighting
  3626 | D:5      | Reached skill level 8 in Axes
  3633 | D:5      | Identified the +0 robe of the Desolation of Salt {SInv}
  3674 | D:5      | Reached XP level 8. HP: 68/68 MP: 7/7
  4092 | D:5      | Found Lojyaps's General Store.
  4108 | D:5      | Bought a +0 longbow for 78 gold pieces
  4209 | D:6      | Found an iron altar of Okawaru.
  4215 | D:6      | Found a shimmering blue altar of Sif Muna.
  4336 | D:6      | Reached skill level 9 in Axes
  4336 | D:6      | Reached skill level 5 in Armour
  4360 | D:6      | Found a stormy altar of Qazlal.
  4853 | D:7      | Found a transporter.
  4859 | D:7      | Noticed a small abomination
  4863 | D:7      | Found a hazy altar of Hepliaklqana.
  4868 | D:7      | Identified the +5 robe "Fuxutz" {Regen+}
  4938 | D:7      | Reached skill level 5 in Dodging
  5009 | D:7      | Found a one-way gate to the infinite horrors of the Abyss.
  5018 | D:7      | Found a transporter.
  5049 | D:7      | Noticed waddelsworth's ghost (novice TrBe)
  5308 | D:7      | Found a bloodstained altar of Trog.
  5318 | D:7      | Reached skill level 10 in Axes
  5663 | D:7      | Became a worshipper of Trog the Wrathful
  5720 | D:7      | Reached XP level 9. HP: 77/77 MP: 8/8
  5723 | D:7      | Reached skill level 1 in Stealth
  5773 | D:7      | Killed waddelsworth's ghost
  5774 | D:7      | Reached skill level 11 in Axes
  6046 | D:8      | Reached * piety under Trog
  6147 | D:8      | Reached skill level 5 in Shields
  6250 | D:8      | Found a burning altar of Makhleb.
  6406 | D:8      | Reached skill level 12 in Axes
  6617 | D:9      | Reached XP level 10. HP: 62/88 MP: 9/9
  6633 | D:9      | Found a staircase to the Orcish Mines.
  6786 | D:9      | Noticed a two-headed ogre
  6799 | D:9      | Killed a two-headed ogre
  6799 | D:9      | Reached ** piety under Trog
  6826 | D:9      | Found a flagged portal.
  6841 | Bailey   | Entered a bailey
  6851 | Bailey   | Reached skill level 13 in Axes
  6993 | Bailey   | Noticed Prince Ribbit
  6993 | Bailey   | Noticed a vault guard
  6997 | Bailey   | Killed Prince Ribbit
  7005 | Bailey   | Killed a vault guard
  7006 | Bailey   | Reached skill level 10 in Fighting
  7006 | Bailey   | Reached XP level 11. HP: 99/99 MP: 10/10
  7043 | Bailey   | Noticed a vault guard
  7060 | Bailey   | Killed a vault guard
  7061 | Bailey   | Reached skill level 14 in Axes
  7666 | D:10     | Entered Level 10 of the Dungeon
  7666 | D:10     | Noticed a two-headed ogre
  7680 | D:10     | Killed a two-headed ogre
  7681 | D:10     | Reached skill level 1 in Ranged Weapons
  7785 | D:10     | Noticed Maurice
  7832 | D:10     | Killed Maurice
  7909 | D:10     | Noticed an obsidian statue
  8084 | D:10     | Reached *** piety under Trog
  8173 | D:10     | Noticed Joseph
  8185 | D:10     | Killed Joseph
  8193 | D:10     | Reached skill level 15 in Axes
  8552 | D:10     | Found an opulent altar of Gozag.
  8661 | D:10     | Noticed Maggie
  8670 | D:10     | Killed Maggie
  8865 | D:11     | Noticed a boulder beetle
  8876 | D:11     | Killed a boulder beetle
  8877 | D:11     | Reached skill level 1 in Unarmed Combat
  9034 | D:11     | Found a staircase to the Lair.
  9130 | D:11     | Identified a scroll of acquirement
  9130 | D:11     | Acquired a manual of Axes
  9157 | D:11     | Reached skill level 16 in Axes
  9563 | D:11     | Reached XP level 12. HP: 111/111 MP: 11/11
  9569 | D:11     | Reached **** piety under Trog
  9685 | D:11     | Found a runed translucent door.
  9688 | D:11     | Noticed a balrug
  9849 | D:11     | Killed a balrug
  9851 | D:11     | Identified the +1 war axe "Beliol" {drain, rF+++ rCorr
                  | Int-4 Stlth+}
  9922 | D:12     | Noticed a tengu warrior
  9927 | D:12     | Killed a tengu warrior
  9976 | D:12     | Found a snail-covered altar of Cheibriados.
 10362 | D:12     | Reached skill level 17 in Axes
 10572 | D:13     | Identified the +6 scimitar of Turmoil {vorpal, +Blink rF+
                  | Str+3 Int-2}
 10657 | D:13     | Noticed a vault guard
 10657 | D:13     | Noticed a vault guard
 10657 | D:13     | Noticed a centaur warrior
 10663 | D:13     | Noticed a centaur warrior
 10676 | D:13     | Killed a vault guard
 10679 | D:13     | Noticed a vault guard
 10682 | D:13     | Killed a centaur warrior
 10683 | D:13     | HP: 3/113 [centaur warrior (11)]
 10694 | D:13     | Killed a centaur warrior
 10694 | D:13     | HP: 1/113 [red ugly thing (9)]
 10695 | D:13     | Reached skill level 18 in Axes
 10699 | D:13     | Killed a vault guard
 10701 | D:13     | Mangled by a large slime creature

Illustrated notes

Levels and vault maps discovered:
D:1:      lightli_arrival_windingriver, layout_rooms,
          ebering_ecumenical_altar_box, serial_curves, eino_curves_03,
          eino_curves_04, eino_curves_04
D:2:      minmay_door_path, layout_loops_ring, lemuel_flame_loot_1, uniq_terence
D:3:      cheibrodos_fertilizer, layout_basic, uniq_robin, uniq_sigmund,
          uniq_natasha
D:4:      layout_basic, nicolae_overflow_hallway_of_the_gods,
          minmay_temple_entry_junction_2, nicolae_titane
D:5:      layout_loops_ring, kennysheep_ying_yang, gup_sewer_entry_glass,
          serial_shops, shop_statue
D:6:      layout_basic, grunt_temple_overflow_open, grunt_qazlal_clouds
D:7:      layout_loops_corners, mainiacjoe_overflow_big_doors,
          gammafunk_ghost_abyssal_escape
D:8:      layout_loops_cross, mainiacjoe_overflow_six_doors_small
D:9:      layout_loops_cross, minmay_orc_entry_guard_dogs, enter_bailey_3,
          kennysheep_windowed_goal
D:10:     layout_stronghold, nicolae_gozag_seed_capital,
          minmay_protected_statue, uniq_joseph, uniq_maurice, uniq_maggie
D:11:     dreamdust_dug_too_deep, layout_basic, erik_lair_orcish_takeover
D:12:     layout_loops_ring, kennysheep_slug_shrine
D:13:     layout_loops_corners, lightli_vaults_fourway_checkpoint,
          nicolae_stop_n_shop_2, uniq_rupert
Temple:   corrupted_temple

Skill      XL: |  1  2  3  4  5  6  7  8  9 10 11 12 |
---------------+-------------------------------------+-----
Axes           | 4 5 6 8 10 12 13 16 18 | 18.3
Dodging        | 4 5 6 7 8 9 |  9.0
Armour         | 2 3 4 5 6 7 |  7.0
Fighting       | 3 4 5 6 7 10 11 12 | 12.8
Shields        | 1 2 4 5 6 |  6.2
Stealth        | 1 2 |  2.8
Ranged Weapons | 1 2 |  2.3
Unarmed Combat | 1 |  1.0
Throwing       | |  2.2

Action                   |  1- 3 |  4- 6 |  7- 9 | 10-12 || total
-------------------------+-------+-------+-------+-------++-------
Melee: War axe           |    54 |   120 |   288 |    40 ||   502
       Headbutt          |    11 |    19 |    58 |    78 ||   166
       Battleaxe         |       |       |       |   331 ||   331
       Unarmed           |       |       |       |     7 ||     7
 Fire: Longbow           |       |       |       |    10 ||    10
Throw: Throwing net      |       |       |     1 |       ||     1
Invok: Berserk           |       |       |       |     8 ||     8
       Trog's Hand       |       |       |       |     1 ||     1
  Use: Scroll            |       |       |    21 |     9 ||    30
       Potion            |       |       |       |     4 ||     4
 Stab: Sleeping          |     1 |       |     1 |     2 ||     4
Armor: Leather armour    |    18 |       |       |       ||    18
       Chain mail        |     1 |    55 |    21 |       ||    77
       Troll leather arm |       |       |    92 |   211 ||   303
       Skin              |       |       |       |     5 ||     5
Dodge: Dodged            |    37 |    55 |   140 |   288 ||   520
Block: Buckler           |     3 |    49 |   103 |    20 ||   175
